Map: Oxide LE

Players

Trap - Winner!

  • Race: Protoss Protoss
  • League: Master
  • Spawn Location: 1:00

Zest

  • Race: Protoss Protoss
  • Spawn Location: 7:00

Event: DreamHack SC2 Masters 2020 Winter

VOD

Have the link to the VOD?

Description

Time

  • Played on: Oct. 27, 2020, 7:14 a.m.
  • Length: 10:39

All games in this series

Show
View Real Time Build Order
Export as new Build Order

Trap Protoss - Winner!

Build Orders:  

Get SALT Encoding   

  12  0:00  Probe  
  13  0:12  Probe  
  14  0:19  Pylon  
  14  0:24  Probe  
  15  0:37  Probe (Chrono Boost)  
  15  0:38  Gateway  
  16  0:46  Assimilator, Probe (Chrono Boost)  
  17  0:51  Probe (Chrono Boost)  
  18  1:03  Probe (Chrono Boost)  
  19  1:10  Pylon  
  19  1:15  Probe (Chrono Boost)  
  19  1:16  Assimilator  
  20  1:20  Probe (Chrono Boost)  
  20  1:25  Zealot  
  23  1:29  Cybernetics Core  
  23  1:31  Probe  
  24  1:41  Pylon  
  24  1:43  Probe  
  25  1:56  Probe  
  26  2:04  Cybernetics Core  
  26  2:05  Stalker (Chrono Boost)  
  28  2:12  Warp Gate  
  28  2:14  Probe  
  30  2:30  Stalker  
  30  2:31  Pylon  
  30  2:53  Nexus  
  30  2:54  Probe  
  31  3:01  Stalker (Chrono Boost)  
  33  3:09  Shield Battery  
  33  3:12  Probe  
  34  3:20  Gateway  
  34  3:24  Sentry (Chrono Boost)  
  34  3:26  Probe  
  37  3:38  Probe  
  36  3:43  Twilight Council  
  34  3:50  Probe  
  35  4:00  Adept  
  36  4:02  Probe  
  36  4:07  Probe  
  37  4:11  Pylon  
  37  4:14  Stalker  
  37  4:15  Probe (Chrono Boost)  
  40  4:19  Probe (Chrono Boost)  
  40  4:22  Stalker  
  43  4:25  Blink (Chrono Boost)  
  45  4:32  Probe (Chrono Boost)  
  45  4:33  Probe (Chrono Boost)  
  45  4:37  Stalker, Probe (Chrono Boost)  
  47  4:39  Probe (Chrono Boost)  
  48  4:47  Probe  
  48  4:51  Robotics Facility, Probe  
  50  4:56  Sentry  
  53  5:00  Probe  
  53  5:02  Gateway  
  53  5:03  Probe  
  54  5:08  Sentry  
  54  5:12  Probe  
  55  5:15  Probe  
  55  5:18  Assimilator  
  55  5:20  Pylon  
  56  5:22  Stalker  
  56  5:24  Probe  
  56  5:25  Gateway  
  56  5:27  Probe  
  60  5:35  Stalker, Warp Prism (Chrono Boost)  
  62  5:44  Probe x2  
  62  5:46  Stalker  
  66  5:50  Pylon  
  66  5:58  Stalker x2  
  70  6:06  Pylon  
  70  6:08  Observer  
  71  6:21  Stalker x2  
  71  6:22  Stalker  
  71  6:24  Stalker  
  79  6:30  Nexus  
  79  6:45  Stalker x2  
  79  6:46  Stalker  
  85  6:50  Pylon  
  85  6:52  Pylon  
  85  7:04  Stalker  
  79  7:11  Stalker x3  
  79  7:12  Probe x2  
  67  7:24  Probe x2  
  67  7:26  Forge  
  57  7:40  Stalker, Immortal (Chrono Boost)  
  57  7:41  Stalker x3  
  63  7:44  Observer  
  63  7:46  Shield Battery  
  63  7:48  Shield Battery  
  61  7:52  Charge  
  61  7:53  Gateway, Protoss Ground Weapons Level 1 (Chrono Boost)  
  61  7:57  Gateway  
  61  8:10  Immortal (Chrono Boost)  
  65  8:17  Probe x2  
  65  8:18  Probe  
  68  8:32  Gateway  
  67  8:36  Stalker, Gateway  
  67  8:38  Immortal (Chrono Boost)  
  69  8:49  Probe x3  
  69  8:52  Stalker, Sentry  
  69  8:53  Stalker  
  78  9:00  Zealot x2  
  82  9:03  Zealot  
  82  9:08  Warp Prism (Chrono Boost)  
  84  9:15  Sentry  
  88  9:18  Pylon  
  84  9:25  Stalker x2  
  84  9:26  Stalker, Zealot  
  92  9:31  Stalker  
  92  9:34  Pylon  
  94  9:41  Zealot x3  
  100  9:54  Observer  
  100  9:57  Pylon  
  100  9:58  Zealot x5  
  111  10:01  Zealot  
  111  10:02  Zealot  
  111  10:05  Zealot  
  103  10:21  Zealot x6  
  111  10:34  Stalker x2  
Show
View Real Time Build Order
Export as new Build Order

Zest Protoss 

Build Orders: Oracle Opening 

Get SALT Encoding   

  12  0:00  Probe  
  13  0:12  Probe  
  14  0:18  Pylon  
  14  0:24  Probe (Chrono Boost)  
  15  0:36  Probe (Chrono Boost)  
  15  0:37  Gateway  
  16  0:45  Probe (Chrono Boost)  
  16  0:46  Assimilator  
  17  0:51  Probe  
  18  1:03  Probe (Chrono Boost)  
  19  1:07  Pylon  
  19  1:10  Assimilator  
  19  1:15  Probe (Chrono Boost)  
  20  1:20  Probe (Chrono Boost)  
  20  1:24  Zealot  
  23  1:29  Probe  
  24  1:33  Cybernetics Core  
  24  1:41  Probe  
  24  1:43  Pylon  
  25  1:53  Probe  
  26  2:05  Probe  
  26  2:06  Cybernetics Core  
  27  2:09  Stalker (Chrono Boost)  
  29  2:18  Stargate  
  29  2:26  Pylon  
  29  2:27  Probe  
  29  2:43  Nexus  
  29  2:45  Warp Gate  
  29  2:48  Probe  
  30  2:59  Oracle (Chrono Boost)  
  30  3:02  Probe  
  34  3:09  Pylon  
  34  3:14  Probe  
  34  3:19  Stalker  
  35  3:39  Probe  
  33  3:46  Oracle  
  36  3:51  Probe  
  37  3:57  Shield Battery  
  34  4:11  Probe (Chrono Boost)  
  34  4:14  Probe (Chrono Boost)  
  35  4:20  Twilight Council  
  35  4:23  Probe (Chrono Boost)  
  37  4:24  Probe (Chrono Boost)  
  37  4:27  Gateway  
  37  4:28  Gateway  
  38  4:32  Probe x2 (Chrono Boost)  
  38  4:33  Sentry  
  38  4:37  Forge  
  41  4:41  Probe (Chrono Boost)  
  41  4:43  Probe (Chrono Boost)  
  43  4:46  Probe  
  43  4:51  Blink (Chrono Boost)  
  43  4:52  Probe  
  45  4:53  Assimilator  
  45  4:59  Probe  
  46  5:05  Nexus  
  46  5:11  Probe  
  44  5:15  Probe  
  44  5:16  Pylon  
  44  5:18  Sentry  
  47  5:22  Stalker x2  
  47  5:24  Probe  
  47  5:27  Probe  
  52  5:36  Probe  
  52  5:39  Probe  
  53  5:46  Stalker x2  
  53  5:48  Probe  
  53  5:49  Shield Battery x2  
  58  5:50  Stalker  
  60  6:10  Stalker x2  
  64  6:14  Stalker  
  64  6:18  Probe x2  
  68  6:23  Photon Cannon, Probe  
  68  6:25  Photon Cannon  
  69  6:30  Probe (Chrono Boost)  
  69  6:31  Probe (Chrono Boost)  
  71  6:33  Pylon  
  71  6:35  Stalker  
  71  6:36  Stalker  
  71  6:38  Probe (Chrono Boost)  
  76  6:42  Stalker  
  76  6:43  Probe (Chrono Boost)  
  80  6:48  Probe x2 (Chrono Boost)  
  72  7:04  Stalker x2  
  72  7:06  Stalker  
  55  7:18  Probe x2  
  55  7:19  Probe  
  42  7:32  Stalker  
  42  7:33  Stalker x2  
  42  7:35  Probe (Chrono Boost)  
  42  7:36  Probe (Chrono Boost)  
  47  7:44  Probe (Chrono Boost)  
  46  7:47  Probe (Chrono Boost)  
  46  7:48  Probe (Chrono Boost)  
  48  7:52  Robotics Facility  
  48  7:53  Probe (Chrono Boost)  
  48  7:54  Probe x2 (Chrono Boost)  
  48  7:58  Adept x2, Probe (Chrono Boost)  
  53  8:00  Stalker  
  53  8:04  Probe (Chrono Boost)  
  60  8:06  Probe (Chrono Boost)  
  61  8:14  Probe (Chrono Boost)  
  61  8:21  Stalker x2  
  61  8:22  Probe (Chrono Boost)  
  61  8:24  Probe (Chrono Boost)  
  61  8:25  Stalker  
  69  8:28  Probe  
  69  8:29  Probe  
  72  8:45  Immortal (Chrono Boost)  
  73  8:50  Stalker x3  
  73  8:55  Gateway  
  77  9:00  Probe x3  
  80  9:07  Gateway  
  80  9:15  Pylon, Observer (Chrono Boost), Probe  
  80  9:16  Probe x2  
  84  9:27  Forge, Probe  
  84  9:28  Probe  
  86  9:32  Probe  
  87  9:41  Gateway  
  87  9:42  Gateway, Pylon  
  87  9:43  Sentry  
  87  9:45  Immortal (Chrono Boost)  
  93  9:54  Pylon  
  93  10:00  Assimilator  
  93  10:07  Stalker x3  
  95  10:14  Adept  
  95  10:15  Adept  
Tags
 
Add a new tag
Caveats
  • Supply blocks, unpowered buildings, or Contaminate may cause inaccurate times.
  • Supply counts are checked every 10 seconds.